 Dungeon Crawl Stone Soup version 0.29-a0-994-gc5c9f59d18 (webtiles) character file.

Game seed: 14496980889944346198

471 ytrimaz the Changer (level 7, -9/43 HPs)
             Began as an Octopode Transmuter on Aug 3, 2022.
             Was an Initiate of Ashenzari.
             Mangled by an orc warrior
             ... wielding a +0 trident
              (15 damage)
             ... on level 5 of the Dungeon.
             The game lasted 00:07:33 (5620 turns).

ytrimaz the Changer (Octopode Transmuter)           Turns: 5620, Time: 00:07:34

Health: -9/43      AC:  1    Str:  9    XL:     7   Next: 9%
Magic:  6/11       EV: 17    Int: 17    God:    Ashenzari [......]
Gold:   240        SH:  0    Dex: 13    Spells: 3/12 levels left

rFire   . . .      SeeInvis .     - Unarmed
rCold   . . .      Faith    .   (no shield)
rNeg    . . .      Spirit   .   (helmet restricted)
rPois   +          Reflect  .   (no amulet)
rElec   .          Harm     .   j - ring of poison resistance
rCorr   .          Rampage  .   p - +4 ring of evasion
Will    .....                   (no ring)
Stlth   ++........              (no ring)
HPRegen 0.14/turn               (no ring)
MPRegen 0.12/turn               (no ring)
                                (no ring)
                                (no ring)

@: about to teleport, wereblooded
A: almost no armour, amphibious, 8 rings, camouflage 1, gelatinous body 1,
(nimble swimmer 1), tentacles
a: Renounce Religion


You were on level 5 of the Dungeon.
You worshipped Ashenzari.
Ashenzari was noncommittal.
You visited 2 branches of the dungeon, and saw 6 of its levels.
You also visited: Sewer.

You collected 240 gold pieces.

Inventory:

Jewellery
 j - a ring of poison resistance (left tentacle)
 p - a +4 ring of evasion (right tentacle)
Wands
 d - a wand of digging (3)
Scrolls
 e - a scroll of teleportation
 l - a scroll of enchant weapon
 q - 3 scrolls of amnesia
 r - a scroll of enchant armour
 s - a scroll of magic mapping
 t - a scroll of fog
Potions
 a - a potion of resistance {unknown}
 b - 2 potions of flight
 c - 2 potions of ambrosia
 f - 2 potions of might {unknown}
 g - a potion of mutation {unknown}
 h - a potion of cancellation {unknown}
 i - 2 potions of magic {unknown}
 k - a potion of berserk rage {unknown}
 m - a potion of heal wounds {unknown}
 n - a potion of haste {unknown}
 o - 3 potions of curing


   Skills:
 - Level 1.0 Fighting
 - Level 2.0 Dodging
 - Level 3.0 Unarmed Combat
 - Level 3.3 Spellcasting
 + Level 6.3 Transmutations
 + Level 2.7 Poison Magic


You had 3 spell levels left.
You knew the following spells:

 Your Spells              Type           Power      Damage    Failure   Level
a - Wereblood             Tmut           24%        N/A       1%          2
b - Spider Form           Tmut/Pois      18%        N/A       8%          3
c - Ice Form              Ice/Tmut       13%        N/A       43%         4

Your spell library contained the following spells:

 Spells                   Type           Power      Damage    Failure   Level
 Beastly Appendage        Tmut           48%        N/A       1%          1
 Ignite Poison            Fire/Tmut/Pois 13%        N/A       14%         3
 Blink                    Tloc           4%         N/A       26%         2
 Conjure Flame            Conj/Fire      2%         6-21      45%         3
 Lesser Beckoning         Tloc           2%         N/A       45%         3
 Portal Projectile        Hex/Tloc       4%         N/A       45%         3
 Tukima's Dance           Hex            2%         N/A       45%         3
 Blade Hands              Tmut           12%        N/A       34%         5
 Sticky Flame             Conj/Fire      2%         2d3       86%         4
 Manifold Assault         Tloc           2%         N/A       99%         5
 Borgnjor's Revivificati  Necr           1%         N/A       100%        8
 Necromutation            Tmut/Necr      6%         N/A       100%        8
 Death's Door             Necr           1%         N/A       100%        9


Dungeon Overview and Level Annotations

Branches:
Dungeon (5/15)             Temple (1/1) D:4           Sewer (visited)

Altars:
Ashenzari
Cheibriados
Dithmenos
Elyvilon
Fedhas
Gozag
Hepliaklqana
Kikubaaqudgha
Makhleb
Nemelex Xobeh
Okawaru
Qazlal
Ru
Sif Muna
Trog
Uskayaw
Wu Jian
Xom
Yredelemnul
Zin
The Shining One

Annotations:
D:4 1 runed translucent door, MisterAzrael's ghost, amateur DjFE


Innate Abilities, Weirdness & Mutations

You cannot wear most types of armour.
You are amphibious.
You can wear up to eight rings at the same time.
Your skin changes colour to match your surroundings (Stealth+).
Your rubbery body absorbs attacks. (AC +1, EV +1)
((You are camouflaged when in or above water. (Stealth+)))
You have tentacles for arms and can constrict up to eight enemies at once.


Message History

The bullfrog barely misses you. The orc hits you with a +0 hand axe.
The orc wizard gestures wildly while chanting.
The orc wizard flickers and vanishes!
Deactivating autopickup; reactivate with Ctrl-A.
The orc misses you. The orc hits you with a +0 short sword.
The adder barely misses you.
You tentacle-slap the orc warrior but do no damage.
You grab the orc warrior.
The orc warrior is moderately wounded.
You constrict the orc warrior, but do no damage.
The bullfrog closely misses you.
The orc warrior hits you with a +0 trident!
The adder closely misses you. The bullfrog misses you.
You tentacle-slap the orc warrior but do no damage.
The orc warrior is heavily wounded.
You constrict the orc warrior, but do no damage.
The adder barely misses you. The bullfrog hits you. The orc misses you.
The orc barely misses you. The orc warrior closely misses you.
The orc hits you with a +0 hand axe!
You are too injured to fight recklessly!
Unknown command.
You release your grip on the orc warrior.
The orc warrior attacks as you move away!
The orc warrior closely misses you. The orc barely misses you.
The orc closely misses you.
The orc warrior hits you from afar with a +0 trident.
* * * LOW HITPOINT WARNING * * *
Unknown command.
Casting: Wereblood (safe; 1% risk of failure)
Confirm with . or Enter, or press ? or * to list all spells.
The spell is extremely dangerous to miscast (43% risk of failure)!
Continue anyway?
Okay, then.
Okay, then.
Okay, then.
As you read the scroll of teleportation, it crumbles to dust.
You feel strangely unstable. The bullfrog barely misses you. x2
The orc hits you with a +0 short sword.
* * * LOW HITPOINT WARNING * * *
The orc warrior hits you from afar with a +0 trident!
You die...

#........ #.........
. ##......... ....
........... ......
.......... ......
##.........
......##.oo.......
##...#.o.FS.......
#.......@o.o....#
##.#.....oo.##...#
##.........[..#...#.
..?.........#.......
.......†..#..##.....
........)...........
.$........##<.....#
.......†..?.........
..........####......


You could see an orc warrior (very poisoned), a bullfrog, an adder and 6 orcs.

Vanquished Creatures
  3 kobold brigands (Sewer)
  2 iguanas
  Terence (D:2)
  6 adders
  A worm (D:2)
  5 dart slugs
  7 orcs
  6 bats
  8 endoplasms
  A giant cockroach (Sewer)
  10 goblins
  8 hobgoblins
  12 jackals
  17 kobolds
  4 quokkas
  9 ball pythons
  3 frilled lizards
  9 rats
112 creatures vanquished.

Vanquished Creatures (others)
  A plant (Sewer)
1 creature vanquished.

Grand Total: 113 creatures vanquished

Notes
Turn   | Place    | Note
-------+----------+-------------------------------------------
     0 | D:1      | ytrimaz the Octopode Transmuter began the quest for the
                  | Orb.
     0 | D:1      | Reached XP level 1. HP: 13/13 MP: 3/3
   215 | D:1      | Reached XP level 2. HP: 7/18 MP: 3/5
   736 | D:1      | Reached XP level 3. HP: 23/23 MP: 7/7
  1050 | D:1      | Found a faded altar of an unknown god.
  1254 | D:1      | Learned a level 2 spell: Wereblood
  1258 | D:1      | Learned a level 3 spell: Spider Form
  1620 | D:2      | Noticed Terence
  1629 | D:2      | Killed Terence
  1630 | D:2      | Reached skill level 3 in Transmutations
  1630 | D:2      | Reached XP level 4. HP: 21/28 MP: 4/8
  2175 | D:2      | Found an opulent altar of Gozag.
  3073 | D:3      | Reached skill level 1 in Poison Magic
  3105 | D:3      | Found a glowing drain.
  3114 | Sewer    | Entered a sewer
  3132 | Sewer    | Reached XP level 5. HP: 31/33 MP: 6/9
  3174 | Sewer    | Reached skill level 4 in Transmutations
  3200 | Sewer    | Noticed a kobold brigand
  3209 | Sewer    | HP: 1/33 [kobold brigand/+0 short sword (7)]
  3214 | Sewer    | Killed a kobold brigand
  3387 | Sewer    | Noticed a kobold brigand
  3387 | Sewer    | Noticed a kobold brigand
  3397 | Sewer    | Killed a kobold brigand
  3398 | Sewer    | Reached skill level 5 in Transmutations
  3398 | Sewer    | Reached XP level 6. HP: 38/38 MP: 8/10
  4570 | D:4      | Found a staircase to the Ecumenical Temple.
  4588 | D:4      | Reached skill level 6 in Transmutations
  4597 | Temple   | Entered the Ecumenical Temple
  4837 | Temple   | Became a worshipper of Ashenzari the Shackled
  5022 | D:4      | Noticed MisterAzrael's ghost (amateur DjFE)
  5025 | D:4      | Found a runed translucent door.
  5569 | D:4      | Learned a level 4 spell: Ice Form
  5584 | D:5      | Entered Level 5 of the Dungeon
  5597 | D:5      | Reached XP level 7. HP: 43/43 MP: 5/11
  5620 | D:5      | Mangled by an orc warrior

Illustrated notes

Levels and vault maps discovered:
D:1:      minmay_arrival_open_corners, layout_basic,
          shapermc_ecumenical_altar_mp_urbaneastern, st_stairs_13,
          minmay_3d_cube
D:2:      layout_basic, basic_altar, uniq_terence
D:3:      layout_basic, portal_sewer_entry_d, minmay_cupped
D:4:      layout_basic, temple_fountains, hellmonk_ghost_happy_afterlife,
          minmay_misc_feat_ornament, corexii_checkpoint_b
D:5:      layout_rooms, amcnicky_mini_pool_medium
Temple:   mainiacjoe_temple_hex_bubbles

Skill      XL: |  1  2  3  4  5  6 |
---------------+-------------------+-----
Spellcasting   | 3 |  3.3
Transmutations | 3 5 6 |  6.3
Poison Magic   | 1 2 |  2.7
Fighting       | |  1.0
Dodging        | |  2.0
Unarmed Combat | |  3.0

Action                   |  1- 3 |  4- 6 |  7- 9 || total
-------------------------+-------+-------+-------++-------
Melee: Unarmed           |    71 |   190 |    12 ||   273
       Constrict         |    17 |    24 |     1 ||    42
       Tentacles         |    10 |    21 |       ||    31
       Kick              |    10 |       |       ||    10
       Punch             |     1 |     4 |       ||     5
 Cast: Beastly Appendage |    14 |       |       ||    14
       Spider Form       |     2 |    15 |       ||    17
       Wereblood         |       |     6 |     1 ||     7
  Use: Scroll            |     6 |     6 |     1 ||    13
       Potion            |       |     4 |       ||     4
 Stab: Sleeping          |     5 |     4 |       ||     9
Armor: Skin              |     3 |    51 |     1 ||    55
Dodge: Dodged            |    66 |   152 |    36 ||   254

Table legend: (Time is in decaauts)
 A = Elapsed time spent in this place.
 B = Non-inter-level travel time spent in this place.
 C = Inter-level travel time spent in this place.
 D = Time resting spent in this place.
 E = Time spent auto-exploring this place.
 F = Levels seen in this place.
 G = Mean time per level.
                   A        B        C        D        E       F      G
               +--------+--------+--------+--------+--------+-----+--------+
         Total |   5602 |   5461 |    141 |    130 |   4349 |   7 |  800.3 |
       Dungeon |   4877 |   4790 |     87 |    102 |   3914 |   5 |  975.4 |
        Temple |    283 |    229 |     54 |      0 |    223 |   1 |  283.0 |
         Sewer |    441 |    441 |      0 |     28 |    212 |   1 |  441.0 |
               +--------+--------+--------+--------+--------+-----+--------+

Top non-repeatable levels by time:
     D:2: 1419 daAuts
     D:1: 1385 daAuts
     D:3: 1178 daAuts
     D:4: 859 daAuts
   Sewer: 441 daAuts
  Temple: 283 daAuts
     D:5: 35 daAuts
